 Dungeon Crawl Stone Soup version 0.28-a0-1236-gb25a51b929 (webtiles) character file.

Game seed: 14574867189746134140

16 siradein the Shield-Bearer (level 2, 20/27 HPs)
             Began as a Minotaur Fighter on Dec 25, 2021.
             Quit the game on level 1 of the Dungeon on Dec 26, 2021.
             The game lasted 00:00:45 (185 turns).

siradein the Shield-Bearer (Minotaur Fighter)        Turns: 185, Time: 00:00:46

Health: 20/27      AC:  7    Str: 20    XL:     2   Next: 41%
Magic:  1/1        EV:  9    Int:  5    God:
Gold:   2          SH:  4    Dex:  9    Spells: 1/1 levels left

rFire   . . .      SeeInvis .   a - +0 long sword
rCold   . . .      Faith    .   c - +0 buckler
rNeg    . . .      Spirit   .   b - +0 scale mail
rPois   .          Reflect  .   (helmet restricted)
rElec   .          Harm     .   (no cloak)
rCorr   .          Rampage  .   (no gloves)
Will    .....                   (no boots)
Stlth   ..........              (no amulet)
HPRegen 0.09/turn               (no ring)
MPRegen 0.07/turn               (no ring)

@: no status effects
A: horns 2, retaliatory headbutt
a: no special abilities


You were on level 1 of the Dungeon.
You visited 1 branch of the dungeon, and saw 1 of its levels.

You collected 2 gold pieces.

Inventory:

Hand Weapons
 a - a +0 long sword (weapon)
Armour
 b - a +0 scale mail (worn)
 c - a +0 buckler (worn)
Scrolls
 f - a scroll of identify {unknown}
Potions
 d - a potion of might
 e - a potion of lignification {unknown}


   Skills:
 + Level 3.9 Fighting
 + Level 2.8 Long Blades
 + Level 3.9 Armour
 + Level 3.9 Shields


You had one spell level left.
You didn't know any spells.
Your spell library was empty.

Dungeon Overview and Level Annotations

Branches:
Dungeon (1/15)

Altars:


Innate Abilities, Weirdness & Mutations

You have a pair of horns on your head.
You reflexively headbutt those who attack you in melee.


Message History

The ball python bites you but does no damage.
The ball python constricts you.
The ball python bites you but does no damage.
The ball python constricts you.
You hit the ball python.
You kill the ball python!
No target in view!
f - a scroll labelled PEGOOR MESOGU A kobold comes into view.
It is wielding a +0 whip.
The kobold shouts!
The kobold throws a stone.
The stone hits you.
A kobold is nearby!
A kobold is nearby!
The kobold throws a stone.
The stone hits you but does no damage.
A ball python comes into view.
A bat comes into view.
The ball python hisses angrily.
The kobold hits you but does no damage.
You closely miss the ball python. The bat hits you but does no damage.
You block the ball python's attack. The ball python barely misses you.
The kobold hits you but does no damage.
The ball python bites you but does no damage.
You block the ball python's attack.
You closely miss the ball python. Your headbutt misses the ball python.
The bat hits you but does no damage. The bat completely misses you.
The kobold hits you with a +0 whip. You block the ball python's attack.
The ball python grabs you. The ball python constricts you.
The kobold closely misses you.
You slash the ball python!
You kill the ball python!
The bat hits you but does no damage. The kobold barely misses you.
You hit the kobold.
The kobold is moderately wounded.
The bat hits you but does no damage. The kobold hits you with a +0 whip.
You hit the kobold.
You kill the kobold!
The bat hits you but does no damage. The bat closely misses you.
You furiously retaliate!
You headbutt the bat!
You kill the bat!
No target in view!
Are you sure you want to abandon this character and quit the game? (Confirm with "yes".)

# #.#[#..# ..#.###.# .
#..###.#..# ..
#...#....## ...
#.......####### ....
#######........
.....###....†........#
..........####.#####.#
......)@.......#
#####..†...#...#
..........#..##
#.##......#..# ..
........#..# .
.#......##..#
#...#######.†# .##
#..# #..#


There were no monsters in sight!

Vanquished Creatures
  4 ball pythons (D:1)
  2 endoplasms (D:1)
  A giant cockroach (D:1)
  A hobgoblin (D:1)
  A kobold (D:1)
  A quokka (D:1)
  A bat (D:1)
  4 goblins (D:1)
  A rat (D:1)
16 creatures vanquished.

Notes
Turn   | Place    | Note
-------+----------+-------------------------------------------
     0 | D:1      | siradein the Minotaur Fighter began the quest for the Orb.
     0 | D:1      | Reached XP level 1. HP: 19/19 MP: 0/0
   108 | D:1      | Reached XP level 2. HP: 25/27 MP: 1/1
   185 | D:1      | Quit the game

Illustrated notes

Levels and vault maps discovered:
D:1:      minmay_arrival_loop, layout_basic, hangedman_decor_opposing,
          minmay_pentomino_x4

Action                   || total
-------------------------++-------
Melee: Long sword        ||    24
       Headbutt          ||     3
Armor: Scale mail        ||    18
Dodge: Dodged            ||    10
Block: Buckler           ||     6

Table legend: (Time is in decaauts)
 A = Elapsed time spent in this place.
 B = Non-inter-level travel time spent in this place.
 C = Inter-level travel time spent in this place.
 D = Time resting spent in this place.
 E = Time spent auto-exploring this place.
 F = Levels seen in this place.
 G = Mean time per level.
                   A        B        C        D        E       F      G
               +--------+--------+--------+--------+--------+-----+--------+
         Total |    192 |    192 |      0 |      0 |    122 |   1 |  192.0 |
       Dungeon |    192 |    192 |      0 |      0 |    122 |   1 |  192.0 |
               +--------+--------+--------+--------+--------+-----+--------+

Top non-repeatable levels by time:
     D:1: 192 daAuts
